AoeStats
← jhonskull87

Arena

508233536Analyzed
4v4 RM · 12d ago on Sep 21, 2026· 68m 12s· 8 players
Game mode
Random Map
Map size
Large (8 player)
Population
200
Speed
Normal
Resources
Standard
Victory
Conquest
Starting age
Dark Age
Ending age
Imperial Age
RankedLock teamsTeams togetherTeam positionsShared explorationLock speedFull tech treeHidden civsTurbo modeCheats
Victory
Defeat
🇩🇪 Cumans · Germany
816
+10
🇩🇪 Teutons · Germany
764
+11
🇩🇪 Vietnamese · Germany
703
+14
🇵🇹 Bohemians · Portugal
525
+21
🇪🇸 Celts · Spain
749
-18
🇲🇽 Persians · Mexico
660
-14
🇮🇹 Slavs · Italy
639
-13
🇺🇸 Khmer · United States
582
-11
jhonskull87
10:30 Loom
14:52 Feudal Age
15:39 Double-Bit Axe
15:36 Horse Collar
Lizzie Borden
12:52 Feudal Age
11:36 Loom
18:50 Castle Age
17:06 Horse Collar
19:47 Wheelbarrow
19:33 Town Watch
21:42 Forging
25:07 Fortified Wall
25:19 Ballistics
25:16 Double-Bit Axe
26:49 Iron Casting
26:21 Scale Barding Armor
27:36 Bow Saw
27:23 Stone Mining
27:25 Gold Mining
28:57 Chain Barding Armor
28:33 Fletching
28:50 Murder Holes
29:35 Heavy Plow
30:53 Bloodlines
34:10 Bodkin Arrow
38:13 Imperial Age
36:43 Town Patrol
37:00 Hand Cart
39:50 Heavy Scorpion
40:34 Double Crossbow
43:02 Chemistry
49:22 Caravan
50:17 Bracer
50:30 Siege Engineers
51:36 Blast Furnace
51:13 Plate Barding Armor
54:09 Hoardings
Daoiz1802
11:47 Feudal Age
12:13 Double-Bit Axe
14:05 Horse Collar
18:17 Castle Age
17:16 Gold Mining
17:16 Stone Mining
22:40 Fortified Wall
31:29 Murder Holes
35:48 Fletching
36:12 Bow Saw
40:20 Imperial Age
39:26 Ballistics
41:56 Gold Shaft Mining
41:58 Stone Shaft Mining
42:26 Chemistry
43:28 Heavy Scorpion
44:21 Furor Celtica
45:23 Heavy Plow
49:27 Wheelbarrow
56:54 Hand Cart
Toresafa
2:54 Loom
11:38 Feudal Age
12:13 Double-Bit Axe
20:10 Castle Age
18:45 Stone Mining
19:04 Fletching
20:09 Forging
21:31 Bow Saw
21:26 Crossbowman
22:09 Pikeman
23:40 Gold Mining
25:15 Wheelbarrow
24:58 Bodkin Arrow
27:42 Iron Casting
27:11 Padded Archer Armor
27:02 Elite Skirmisher
29:10 Hand Cart
29:12 Leather Archer Armor
32:21 Gold Shaft Mining
34:51 Iron Casting
33:45 Man-at-Arms
37:44 Imperial Age
37:16 Ballistics
36:52 Long Swordsman
38:50 Conscription
37:59 Capped Ram
39:11 Detinets
40:14 Onager
42:44 Chemistry
42:17 Two-Handed Swordsman
43:59 Blast Furnace
45:32 Siege Ram
46:37 Halberdier
47:29 Horse Collar
48:49 Ring Archer Armor
48:28 Heavy Cavalry Archer
49:47 Murder Holes
LemonHannez
10:47 Feudal Age
12:20 Loom
19:17 Castle Age
18:30 Horse Collar
20:31 Stone Mining
25:00 Wheelbarrow
25:26 Fletching
25:37 Padded Archer Armor
25:15 Elite Skirmisher
25:57 Double-Bit Axe
26:55 Thumb Ring
26:52 Bodkin Arrow
27:12 Leather Archer Armor
28:22 Hand Cart
29:57 Bow Saw
29:50 Heavy Plow
34:30 Imperial Age
33:13 Gold Mining
34:02 Stone Shaft Mining
34:12 Ballistics
34:08 Fortified Wall
36:16 Chemistry
35:13 Murder Holes
35:23 Bracer
36:18 Paper Money
36:08 Imperial Skirmisher
41:58 Two-Man Saw
44:31 Elite Rattan Archer
47:38 Ring Archer Armor
ӄǟʋǟ
15:21 Feudal Age
19:14 Horse Collar
21:24 Double-Bit Axe
25:49 Castle Age
27:43 Scale Mail Armor
27:48 Scale Barding Armor
27:34 Fletching
27:44 Padded Archer Armor
27:54 Forging
27:51 Pikeman
28:31 Squires
30:09 Bow Saw
33:07 Wagenburg Tactics
34:53 Chain Mail Armor
35:14 Iron Casting
34:59 Chain Barding Armor
34:54 Chain Mail Armor
34:59 Chain Barding Armor
35:03 Leather Archer Armor
37:42 Arson
45:28 Imperial Age
46:53 Elite Hussite Wagon
47:38 Hussite Reforms
47:01 Halberdier
49:04 Two-Man Saw
48:15 Heavy Plow
48:29 Elite Skirmisher
51:27 Imperial Skirmisher
61:35 Capped Ram
Rafflon
11:56 Feudal Age
19:13 Castle Age
18:23 Horse Collar
18:33 Double-Bit Axe
18:42 Stone Mining
19:26 Gold Mining
21:59 Scale Mail Armor
22:09 Forging
22:52 Wheelbarrow
25:04 Heavy Plow
25:26 Bow Saw
29:18 Hand Cart
38:18 Imperial Age
36:08 Chain Mail Armor
38:42 Squires
38:28 Arson
40:12 Crop Rotation
40:47 Two-Man Saw
40:24 Stone Shaft Mining
40:25 Plate Mail Armor
40:31 Iron Casting
39:54 Elite Teutonic Knight
50:09 Blast Furnace
Stoner
11:31 Feudal Age
13:17 Double-Bit Axe
17:13 Man-at-Arms
18:30 Scale Mail Armor
21:52 Arson
27:11 Castle Age
25:37 Horse Collar
26:55 Stone Mining
26:56 Gold Mining
28:58 Fletching
29:38 Bow Saw
32:05 Padded Archer Armor
38:47 Imperial Age
36:58 Wheelbarrow
36:09 Loom
36:09 Town Watch
37:15 Heavy Plow
37:54 Ballistics
38:58 Hand Cart
39:19 Thumb Ring
39:14 Bodkin Arrow
39:35 Leather Archer Armor
41:03 Two-Man Saw
41:05 Parthian Tactics
41:46 Chemistry
40:12 Heavy Cavalry Archer
42:19 Gold Shaft Mining
42:53 Ring Archer Armor
42:29 Scale Barding Armor
42:35 Town Patrol
43:38 Bloodlines
43:33 Light Cavalry
44:26 Forging
44:48 Hussar
45:52 Chain Barding Armor
46:09 Iron Casting
45:57 Conscription
45:44 Steppe Husbandry
47:35 Crop Rotation
54:28 Blast Furnace
54:09 Plate Barding Armor
64:39 Cavalier
66:07 Paladin
Connection lost

Rejoining the realm…

Still unreachable

The connection could not be restored.

Session expired

The server has moved on; the page needs a fresh start.